 Dungeon Crawl Stone Soup version 0.31-a0-532-g28f74ba3e5 (webtiles) character file.

Game seed: 1106384588057334626

60 bobarctor the Chiller (level 3, -6/24 HPs)
             Began as a Demonspawn Ice Elementalist on Aug 12, 2023.
             Was an Initiate of Sif Muna.
             Mangled by an iguana (12 damage)
             ... on level 4 of the Dungeon.
             The game lasted 00:09:50 (2717 turns).

bobarctor the Chiller (Demonspawn Ice Elementalist) Turns: 2717, Time: 00:09:51

Health: -6/24      AC:  6    Str:  8    XL:     3   Next: 80%
Magic:  0/7        EV: 12    Int: 18    God:    Sif Muna [......]
Gold:   171        SH:  0    Dex: 13    Spells: 1/8 levels left

rFire   . . .        i - +0 rapier
rCold   + . .        (no shield)
rNeg    . . .        a - +0 robe
rPois   .            g - +0 helmet
rElec   .            (no cloak)
rCorr   .            (no gloves)
SInv    .            c - +2 pair of boots
Will    .....        (no amulet)
Stlth   ++           s - ring of protection from cold
HPRegen 0.24/turn    (no ring)
MPRegen 0.10/turn

%: no passive effects
@: no status effects
A: sturdy frame 1
a: Renounce Religion


You were on level 4 of the Dungeon.
You worshipped Sif Muna.
Sif Muna was noncommittal.
You visited 1 branch of the dungeon, and saw 4 of its levels.

You collected 171 gold pieces.

Inventory:

Hand Weapons
 d - a +0 short sword
 i - a +0 rapier (weapon)
Missiles
 l - 6 poisoned darts
Armour
 a - a +0 robe (worn)
 c - a +2 pair of boots (worn)
 g - a +0 helmet (worn)
Jewellery
 s - a ring of protection from cold (left hand)
Scrolls
 e - 2 scrolls of immolation {unknown}
 h - a scroll of fear {unknown}
 j - 3 scrolls of vulnerability {unknown}
 k - a scroll of teleportation {unknown}
 m - a scroll of identify {unknown}
 n - a scroll of enchant weapon {unknown}
 p - 2 scrolls of brand weapon {unknown}
 r - a scroll of revelation {unknown}
Potions
 b - a potion of magic
 f - a potion of ambrosia {unknown}
 o - a potion of enlightenment {unknown}
 q - a potion of curing {unknown}


   Skills:
 + Level 1.8 Dodging
 + Level 2.1 Stealth
 * Level 3.0 Spellcasting
 + Level 4.1 Ice Magic
 * Level 0.5 Invocations


You had one spell level left.
You knew the following spells:

 Your Spells              Type           Power      Damage    Failure   Level
a - Freeze                Ice            68%        1d8       3%          1
b - Ozocubu's Armour      Ice            17%        N/A       9%          3
c - Frozen Ramparts       Ice            34%        1d6       9%          3

Your spell library contained the following spells:

 Spells                   Type           Power      Damage    Failure   Level
 Sting                    Tmut/Pois      8%         1d3       16%         1
 Ensorcelled Hibernation  Hex/Ice        20%        N/A       11%         2
 Cigotuvi's Dreadful Rot  Necr/Pois/Air  4%         N/A       24%         2
 Poisonous Vapours        Pois/Air       4%         N/A       24%         2
 Ignite Poison            Fire/Tmut/Pois 2%         N/A       43%         3
 Summon Ice Beast         Ice/Summ       10%        N/A       56%         4
 Anguish                  Hex/Necr       1%         N/A       85%         4
 Olgreb's Toxic Radiance  Pois           2%         N/A       85%         4
 Freezing Cloud           Conj/Ice/Air   3%         6-21      95%         5


Dungeon Overview and Level Annotations

Branches:
Dungeon (4/15)
 Temple: D:4-7

Altars:
Qazlal
Sif Muna

Shops:
D:2 ((!*

Annotations:
D:1 1 runed translucent door


Innate Abilities, Weirdness & Mutations

Your movements are slightly less encumbered by armour. (ER -2)


Message History

You miscast Freeze.
You are very lightly contaminated with residual magic.
Nothing appears to happen.
The adder bites you. The orc closely misses you. The iguana bites you.
You hit the adder but do no damage.
The adder is heavily wounded.
The adder closely misses you. The orc closely misses you.
The iguana completely misses you.
Unknown command.
You closely miss the adder.
The adder is heavily wounded.
The orc hits you but does no damage. The iguana closely misses you.
The adder bites you but does no damage.
Unknown command.
You hit the adder.
The adder is almost dead.
The orc hits you but does no damage. The iguana closely misses you.
The adder bites you but does no damage.
Unknown command.
You closely miss the adder.
The adder is almost dead.
The adder is no longer moving slowly.
The orc closely misses you. The iguana barely misses you.
The adder bites you but does no damage. The iguana bites you.
* * * LOW HITPOINT WARNING * * *
The orc hits you with a +0 dagger.
* * * LOW HITPOINT WARNING * * *
You hit the adder.
You kill the adder!
Sif Muna accepts your kill. The orc hits you but does no damage.
The iguana bites you but does no damage.
Your magical contamination has completely faded away.
Your Spellcasting skill increases to level 3!
You hit the orc.
You kill the orc!
Sif Muna accepts your kill. The iguana bites you!
Ouch! That really hurt!
You die...

###.......##
..........#
#.........#
#.........#
..........
#.....>...
#####.)l......
#.....@.......
.....##........
... ##....... .
#...... ......
######


You could see an iguana.

Vanquished Creatures
  2 adders (D:4)
  A dart slug (D:1)
  An orc (D:4)
  4 endoplasms
  2 giant cockroaches (D:1)
  A goblin (D:1)
  6 hobgoblins
  2 jackals (D:2)
  2 quokkas (D:3)
  6 ball pythons
  4 bats
  3 frilled lizards (D:1)
  2 kobolds
  A rat (D:2)
37 creatures vanquished.

Notes
Turn   | Place    | Note
-------+----------+-------------------------------------------
     0 | D:1      | bobarctor the Demonspawn Ice Elementalist began the quest
                  | for the Orb.
     0 | D:1      | Reached XP level 1. HP: 13/13 MP: 3/3
     1 | D:1      | Found a runed translucent door.
   589 | D:1      | Gained mutation: Your movements are slightly less
                  | encumbered by armour. (ER -2) [demonic ancestry]
   589 | D:1      | Reached XP level 2. HP: 18/19 MP: 1/5
  1119 | D:2      | Found Ruym's Weapon Emporium.
  1129 | D:2      | Reached skill level 4 in Ice Magic
  1217 | D:2      | Found Nasoech's Antique Weapon Boutique.
  1272 | D:2      | Found Tauwny's Distillery.
  1293 | D:2      | Found Igiezuc's Assorted Antiques.
  1740 | D:2      | Reached XP level 3. HP: 24/24 MP: 5/7
  1763 | D:2      | Learned a level 3 spell: Ozocubu's Armour
  1767 | D:2      | Learned a level 3 spell: Frozen Ramparts
  1874 | D:3      | Found a shimmering blue altar of Sif Muna.
  1885 | D:3      | Became a worshipper of Sif Muna the Loreminder
  2003 | D:3      | Found a stormy altar of Qazlal.
  2230 | D:3      | Found a faded altar of an unknown god.
  2717 | D:4      | Mangled by an iguana

Illustrated notes

Levels and vault maps discovered:
D:1:      dpeg_arrival_caged_fury, layout_loops_corners,
          minmay_misc_feat_nine_boxes, minmay_misc_feat_five,
          dreamdust_mushroom_princess
D:2:      layout_loops_ring, serial_shops, shop, shop,
          nicolae_shop_advertising_works [nicolae_subvault_shop_adworks],
          nicolae_shop_hallway_plus, minmay_misc_feat_secret_circle
D:3:      layout_basic, jmf_multi_god_temple, old_standard_altar,
          chequers_ecumenical_altar_simple
D:4:      layout_cave_pods

Skill      XL: |  1  2  3 |
---------------+----------+-----
Ice Magic      | 4 |  4.1
Stealth        | 2 |  2.1
Spellcasting   | 3 |  3.0
Dodging        | |  1.8
Invocations    | |  0.5

Action                     || total
---------------------------++-------
  Melee: Rapier            ||    61
         Short sword       ||     1
   Cast: Freeze            ||    35
         Frozen Ramparts   ||     3
   Stab: Sleeping          ||     2
 Armour: Robe              ||    32
  Dodge: Dodged            ||    74

Table legend: (Time is in decaauts)
 A = Elapsed time spent in this place.
 B = Non-inter-level travel time spent in this place.
 C = Inter-level travel time spent in this place.
 D = Time resting spent in this place.
 E = Time spent auto-exploring this place.
 F = Levels seen in this place.
 G = Mean time per level.
                   A        B        C        D        E       F      G
               +--------+--------+--------+--------+--------+-----+--------+
         Total |   2726 |   2680 |     46 |    165 |   2102 |   4 |  681.5 |
       Dungeon |   2726 |   2680 |     46 |    165 |   2102 |   4 |  681.5 |
               +--------+--------+--------+--------+--------+-----+--------+

Top non-repeatable levels by time:
     D:1: 1107 daAuts
     D:3: 915 daAuts
     D:2: 685 daAuts
     D:4: 17 daAuts
